 Seeded DCSS version 0.30.1-3-gfc49f6343a (webtiles) character file.

Game seed: 6351066067085065685 (custom seed)

3680 Esekla the Thaumaturge (level 9, -1/45 HPs)
             Began as a Deep Elf Necromancer on Aug 5, 2023.
             Was a Priest of Vehumet.
             Slain by a two-headed ogre
             ... wielding a +0 giant club
              (17 damage)
             ... on level 8 of the Dungeon.
             The game lasted 00:39:26 (6893 turns).

Esekla the Thaumaturge (Deep Elf Necromancer)       Turns: 6893, Time: 00:39:27

Health: -1/45      AC:  5    Str:  5    XL:     9   Next: 90%
Magic:  30/33      EV: 14    Int: 25    God:    Vehumet [***...]
Gold:   485        SH:  4    Dex: 18    Spells: 13/26 levels left

rFire   . . .        a - +5 rapier of the Hero {heavy, rN+ Dex+3}
rCold   . . .        F - +0 buckler
rNeg    + . .        n - +0 robe
rPois   .            i - +0 helmet
rElec   .            K - +0 cloak
rCorr   .            k - +0 pair of gloves
SInv    .            (no boots)
Will    .....        z - amulet of magic regeneration
Stlth   +++          M - ring of magical power
HPRegen 0.27/turn    (no ring)
MPRegen 0.63/turn

%: no passive effects
@: lethally poisoned (-1 -> -6), very slightly contaminated
A: no striking features
a: Renounce Religion


You were on level 8 of the Dungeon.
You worshipped Vehumet.
Vehumet was most pleased with you.
You visited 1 branch of the dungeon, and saw 8 of its levels.

You collected 485 gold pieces.

Inventory:

Hand Weapons
 a - the +5 rapier of the Hero (weapon) {heavy, rN+ Dex+3}
   (You found it on level 3 of the Dungeon)

   Dex:       It affects your dexterity (+3).
   rN:        It protects you from negative energy.
 c - a +4 scimitar
 r - a +4 trident of venom
Missiles
 s - 26 poisoned darts (quivered)
 E - 4 throwing nets
 H - 5 curare-tipped darts
 N - 3 boomerangs
Armour
 i - a +0 helmet (worn)
 k - a +0 pair of gloves (worn)
 n - a +0 robe (worn)
 F - a +0 buckler (worn)
 K - a +0 cloak (worn)
Jewellery
 z - an amulet of magic regeneration (around neck)
 M - a ring of magical power (left hand)
Wands
 f - a wand of roots (16)
 B - a wand of flame (10)
 J - a wand of mindburst (9)
Scrolls
 e - 3 scrolls of fear {unknown}
 m - a scroll of immolation {unknown}
 o - a scroll of enchant armour {unknown}
 p - a scroll of amnesia
 q - 5 scrolls of blinking
 t - 2 scrolls of fog
 w - a scroll of silence {unknown}
 x - a scroll of summoning {unknown}
 y - a scroll of magic mapping {unknown}
 C - 3 scrolls of enchant weapon
 D - 2 scrolls of teleportation {unknown}
 G - 3 scrolls of noise {unknown}
 I - 2 scrolls of poison {unknown}
 L - 2 scrolls of identify
Potions
 b - a potion of magic
 d - 3 potions of ambrosia
 g - 2 potions of haste
 h - a potion of mutation {unknown}
 j - 6 potions of curing
 l - 6 potions of attraction
 u - 3 potions of brilliance
 v - 2 potions of heal wounds
 A - a potion of lignification {unknown}


   Skills:
 + Level 4.0 Short Blades
 + Level 1.5 Throwing
 * Level 6.2 Dodging
 + Level 5.3 Stealth
 * Level 1.4 Shields
 * Level 9.2 Spellcasting
 * Level 4.0 Conjurations
 * Level 8.9 Necromancy
 * Level 4.9 Translocations
 * Level 3.8 Air Magic
 * Level 0.9 Poison Magic
 + Level 0.5 Evocations


You had 13 spell levels left.
You knew the following spells:

 Your Spells              Type           Power      Damage    Failure   Level
a - Necrotise             Necr           100%       1d9       1%          1
d - Vampiric Draining     Necr           54%        2d9       1%          3
e - Static Discharge      Conj/Air       62%        2-5/arc   1%          2
t - Teleport Other        Tloc           36%        N/A       3%          3
x - Olgreb's Toxic Radia  Pois           16%        N/A       17%         4

Your spell library contained the following spells:

 Spells                   Type           Power      Damage    Failure   Level
 Lesser Beckoning         Tloc           72%        N/A       1%          2
 Animate Dead             Necr           54%        N/A       2%          4
 Gell's Gravitas          Tloc           36%        N/A       3%          3
 Volatile Blastmotes      Fire/Tloc      46%        2d13      3%          3
 Agony                    Necr           54%        N/A       7%          5
 Spider Form              Tmut/Pois      13%        N/A       24%         3
 Cause Fear               Hex            5%         N/A       67%         4
 Summon Mana Viper        Hex/Summ       11%        N/A       95%         5


Dungeon Overview and Level Annotations

Branches:
Dungeon (8/15)             Temple (0/1) D:6
   Lair: D:8-11

Altars:
Dithmenos
Fedhas
Hepliaklqana
Okawaru
Qazlal
Trog
Vehumet
Zin
The Shining One

Shops:
D:2 =   D:4 (

Annotations:
D:8 1 transporter


Message History

The kobold brigand is severely wounded.
You feel sick.
You are no longer poisoned.
The kobold brigand barely misses you.
The kobold brigand hits you but does no damage.
You puncture the kobold brigand!
You kill the kobold brigand!
Vehumet accepts your kill.
You feel your power returning.
You closely miss the kobold. The kobold misses you.
The kobold closely misses you.
You closely miss the kobold. You block the kobold's attack.
You hit the kobold.
The kobold is moderately wounded.
The kobold misses you. The kobold barely misses you.
You puncture the kobold!
You kill the kobold!
Vehumet accepts your kill.
The kobold throws a poisoned dart.
The poisoned dart closely misses you.
You puncture the kobold!
You kill the kobold!
Vehumet accepts your kill.
s - 26 poisoned darts (gained 6)
Items here: ))) ††.
Okay, then.
You start waiting.
A two-headed ogre is nearby!
The two-headed ogre shouts in stereo!
You hit the two-headed ogre but do no damage.
The two-headed ogre barely misses you. x2
Casting: Vampiric Draining (safe; 1% risk of failure)
Confirm with . or Enter, or press ? or * to list all spells.
The spell is quite dangerous to miscast (17% risk of failure)!
Continue anyway?
You miscast Olgreb's Toxic Radiance.
You are very lightly contaminated with residual magic.
You feel odd!
You are poisoned.
You feel sick.
The two-headed ogre hits you with a +0 giant club! x2
You die...

..8...g....O..#.......#
...............###..##.#
##......... ####<# #.....#
###...# #.. O.... #.#.###
##...# #.###...# #.#...#
..)### #.##..#.####
#>###.### ....#
##.......... g.# #...#
....#########).O#########.#
###.#
.......8#8..)...@)......#.#
#.#
.##.....#...))##.######.#.#
#..
.##....©#©....##...)....#.#
###
.##.....#.....########....#
#. ###8.©.8#8.©.8#
###.#########.
#############
#......)).....
#8.©.8#8.©.8#
###.#.##########
#.....#.....# #...#...#
#....©#©....####.#####.#


You could see a two-headed ogre.

Vanquished Creatures
  Pikel (D:6)
  Joseph (D:7)
  A steam dragon (D:8)
  A wyvern (D:7)
  Menkaure (D:7)
  An ice beast (D:6)
  A sky beast (D:6)
  2 black bears
  2 ogres
  A centaur (D:7)
  A phantom (D:7)
  Blork the orc (D:6)
  2 kobold brigands
  2 gnoll sergeants
  A bullfrog (D:7)
  2 scorpions (D:5)
  3 wights (D:7)
  A quasit (D:8)
  A gnoll bouda (D:4)
  6 hounds
  A jelly (D:6)
  Crazy Yiuf (D:7)
  2 orc priests (D:8)
  A sleepcap (D:5)
  5 iguanas
  5 orc wizards
  20 gnolls
  9 adders
  A shadow imp (D:8)
  5 white imps
  4 ufetubi
  A worm (D:4)
  3 dart slugs
  28 orcs
  6 ball pythons
  4 bats
  4 endoplasms
  8 goblins
  5 hobgoblins
  A quokka (D:1)
  4 frilled lizards
  14 kobolds
  A rat (D:2)
165 creatures vanquished.

Notes
Turn   | Place    | Note
-------+----------+-------------------------------------------
     0 | D:1      | Esekla the Deep Elf Necromancer began the quest for the
                  | Orb.
     0 | D:1      | Reached XP level 1. HP: 10/10 MP: 6/6
   139 | D:1      | Reached skill level 5 in Necromancy
   157 | D:1      | You fall into a shaft and drop 1 floor!
   281 | D:4      | Found an iron altar of Okawaru.
   330 | D:4      | Found a glowing silver altar of Zin.
   352 | D:4      | Found a radiant altar of Vehumet.
   356 | D:4      | Became a worshipper of Vehumet
   442 | D:3      | Reached XP level 2. HP: 14/15 MP: 8/8
   526 | D:3      | Identified the +5 rapier of the Hero {heavy, rN+ Dex+3}
   551 | D:2      | Found Renulab's Jewellery Shop.
   732 | D:3      | Found a stormy altar of Qazlal.
   746 | D:3      | Reached XP level 3. HP: 7/19 MP: 9/9
   750 | D:3      | Learned a level 3 spell: Vampiric Draining
   820 | D:3      | Found a bloodstained altar of Trog.
   822 | D:3      | Found a hazy altar of Hepliaklqana.
  1122 | D:3      | Reached XP level 4. HP: 24/24 MP: 11/11
  1446 | D:2      | Reached skill level 1 in Short Blades
  1601 | D:2      | Found a faded altar of an unknown god.
  1663 | D:2      | Noticed a black bear
  1812 | D:1      | Reached * piety under Vehumet
  1812 | D:1      | Offered knowledge of Foxfire by Vehumet.
  1947 | D:1      | Reached XP level 5. HP: 27/28 MP: 12/12
  1954 | D:1      | Learned a level 3 spell: Teleport Other
  2188 | D:2      | Reached skill level 4 in Spellcasting
  2402 | D:2      | Killed a black bear
  2403 | D:2      | Reached skill level 1 in Translocations
  2662 | D:3      | Reached XP level 6. HP: 32/32 MP: 11/14
  2761 | D:4      | Found a glowing golden altar of the Shining One.
  2858 | D:4      | Reached skill level 5 in Spellcasting
  3159 | D:5      | Entered Level 5 of the Dungeon
  3167 | D:5      | Got the Parchment of the Lumpy Olives
  3178 | D:5      | Found a shadowy altar of Dithmenos.
  3433 | D:5      | Reached ** piety under Vehumet
  3433 | D:5      | Offered knowledge of Static Discharge by Vehumet.
  3438 | D:5      | Learned a level 2 spell: Static Discharge
  3605 | D:4      | Found Ponaysk's Antique Weapon Boutique.
  3776 | D:5      | Reached XP level 7. HP: 36/36 MP: 17/17
  4002 | D:5      | Reached skill level 1 in Air Magic
  4064 | D:5      | Reached skill level 1 in Conjurations
  4067 | D:5      | Reached skill level 1 in Throwing
  4067 | D:5      | Reached skill level 6 in Spellcasting
  4320 | D:6      | Found a blossoming altar of Fedhas.
  4329 | D:6      | Reached skill level 5 in Dodging
  4340 | D:6      | Reached XP level 8. HP: 41/41 MP: 9/19
  4451 | D:6      | Found a staircase to the Ecumenical Temple.
  4618 | D:6      | Noticed Blork the orc
  4668 | D:6      | Killed Blork the orc
  4668 | D:6      | Offered knowledge of Volatile Blastmotes by Vehumet.
  4963 | D:6      | Noticed Pikel
  4970 | D:6      | Killed Pikel
  4971 | D:6      | Reached skill level 7 in Spellcasting
  5189 | D:7      | Reached XP level 9. HP: 32/45 MP: 19/22
  5268 | D:7      | Noticed Menkaure
  5294 | D:7      | Reached skill level 5 in Stealth
  5333 | D:7      | Reached *** piety under Vehumet
  5439 | D:7      | Noticed Joseph
  5466 | D:7      | Killed Joseph
  5467 | D:7      | Reached skill level 8 in Spellcasting
  5610 | D:7      | Reached skill level 1 in Shields
  5634 | D:7      | Learned a level 3 spell: Volatile Blastmotes
  5737 | D:7      | Killed Menkaure
  5914 | D:7      | Found a runed translucent door.
  5915 | D:7      | Noticed Crazy Yiuf
  5921 | D:7      | Killed Crazy Yiuf
  6092 | D:8      | Offered knowledge of Olgreb's Toxic Radiance by Vehumet.
  6100 | D:7      | Learned a level 4 spell: Olgreb's Toxic Radiance
  6425 | D:8      | Reached skill level 9 in Spellcasting
  6540 | D:8      | Noticed a two-headed ogre
  6661 | D:8      | Found a transporter.
  6661 | D:8      | Found a transporter.
  6663 | D:8      | Found a transporter.
  6691 | D:8      | Found a transporter.
  6893 | D:8      | Slain by a two-headed ogre

Illustrated notes

Levels and vault maps discovered:
D:1:      sevenhm_arrival_forest_fort_small_3, layout_rooms,
          chequers_serial_rivers_room_b, minmay_misc_feat_five
D:2:      layout_loops_ring, dreamdust_ecumenical_altar_angels_and_demons,
          serial_shops, shop
D:3:      layout_basic, grunt_temple_overflow_open, minmay_misc_feat_iff
D:4:      layout_basic, nicolae_overflow_quartered_altars, serial_shops,
          nicolae_diamond_shop
D:5:      layout_loops_ring, lemuel_doored_altar, minmay_misc_feat_rows,
          dreamdust_wishing_well
D:6:      layout_loops_cross, fedhas_altar_fruit_tree,
          minmay_temple_entry_glass, uniq_pikel, uniq_blork_the_orc
D:7:      layout_basic, uniq_menkaure, uniq_joseph, uniq_crazy_yiuf_cottage
D:8:      layout_basic, nicolae_uskayaw_dance_hall, serial_demonic,
          serial_demonic_d, serial_demonic_a, serial_demonic_c,
          serial_demonic_c, nicolae_diode_quadrants

Skill      XL: |  1  2  3  4  5  6  7  8  9 |
---------------+----------------------------+-----
Necromancy     | 5 6 7 8 |  8.9
Dodging        | 3 4 5 6 |  6.2
Short Blades   | 1 2 3 4 |  4.0
Stealth        | 3 4 5 |  5.3
Spellcasting   | 4 5 6 7 9 |  9.2
Translocations | 1 2 3 4 |  4.9
Air Magic      | 1 2 3 |  3.8
Conjurations   | 1 2 4 |  4.0
Throwing       | 1 |  1.5
Shields        | 1 |  1.4
Poison Magic   | |  0.9
Evocations     | |  0.5

Action                     |  1- 3 |  4- 6 |  7- 9 || total
---------------------------+-------+-------+-------++-------
  Melee: Short sword       |    25 |       |       ||    25
         Unarmed           |     9 |       |       ||     9
         Rapier            |    27 |    76 |   169 ||   272
         Punch             |       |     1 |     2 ||     3
  Throw: Dart              |       |    15 |    21 ||    36
   Cast: Vampiric Draining |       |    19 |    51 ||    70
         Olgreb's Toxic Ra |       |       |     2 ||     2
         Static Discharge  |       |       |     2 ||     2
         Teleport Other    |       |       |     1 ||     1
  Evoke: Wand              |       |       |    11 ||    11
    Use: Scroll            |       |       |     9 ||     9
   Stab: Sleeping          |     4 |     3 |    12 ||    19
         Distracted        |       |     1 |     1 ||     2
 Armour: Robe              |    14 |    12 |    43 ||    69
  Dodge: Dodged            |    32 |    66 |   193 ||   291
  Block: Buckler           |       |       |    23 ||    23
